 Dungeon Crawl Stone Soup version 0.28-a0-1629-gf728b707aa (webtiles) character file.

Game seed: 4753012685984760074

198378 mcgeepi the Ogre Mage (level 18, -6/193 HPs)
             Began as an Ogre Transmuter on Jan 25, 2022.
             Was a Priest of Ru.
             Mangled by a shock serpent (13 damage)
             ... on level 4 of the Snake Pit.
             The game lasted 02:22:13 (38386 turns).

mcgeepi the Ogre Mage (Ogre Transmuter)            Turns: 38386, Time: 02:22:13

Health: -6/193     AC: 11    Str: 19    XL:     18   Next: 89%
Magic:  34/38      EV:  9    Int: 20    God:    Ru [***...]
Gold:   1094       SH:  9    Dex: 11    Spells: 18/50 levels left

rFire   + . .      SeeInvis +     - Unarmed
rCold   . . .      Faith    .   (shield currently unavailable)
rNeg    . . .      Spirit   .   E - +3 troll leather armour
rPois   +          Reflect  +   J - +0 hat of the Unbroken {Will+ SInv Stlth+}
rElec   .          Harm     .   m - +2 cloak
rCorr   .          Rampage  .   (gloves unavailable)
Will    ++...      Clarity  +   (boots unavailable)
Stlth   ..........              n - amulet of reflection
HPRegen 1.22/turn               d - ring of poison resistance
MPRegen 0.26/turn               b - ring of protection from fire

@: about to teleport, blade hands, constricted
A: large, unfitting armour, tough skin 1, no stealth, hated by all, inability to
train armour, large bone plates 1, thin skeletal structure 1, clarity, subdued
magic 1
a: End Transformation, Renounce Religion, Draw Out Power


You were on level 4 of the Snake Pit.
You worshipped Ru.
Ru was most pleased with you.
You had blades for hands.
You visited 5 branches of the dungeon, and saw 28 of its levels.
You also visited: Bailey and Ice Cave.

You collected 2906 gold pieces.
You spent 1812 gold pieces at shops.

Inventory:

Hand Weapons
 e - a +2 trident of protection
 q - a +1 spectral quarterstaff
 F - the +4 spear of Gebakh {vorpal, *Slow rN+ rCorr Str+2}
   (You found it on level 9 of the Dungeon)

   It inflicts extra damage upon your enemies.
   Str:       It affects your strength (+2).
   rN:        It protects you from negative energy.
   rCorr:     It protects you from acid and corrosion.
   *Slow:     It may slow you when you take damage.
 H - the +11 hand crossbow "Imp's Death Toll" (melded) {elec, rF++ rCorr Int+2}
   (You found it on level 5 of the Lair of Beasts)

   Any ammunition fired from it occasionally discharges a powerful burst of
   electricity upon striking a foe.
   Int:       It affects your intelligence (+2).
   rF:        It greatly protects you from fire.
   rCorr:     It protects you from acid and corrosion.
 U - a +2 triple sword of holy wrath
Missiles
 k - 36 bolts
 y - 13 poisoned darts
 B - 7 curare-tipped darts
Armour
 m - a +2 cloak (worn)
 t - a +0 kite shield of reflection (melded)
 D - an orb of wrath
 E - a +3 troll leather armour (worn)
 J - the +0 hat of the Unbroken (worn) {Will+ SInv Stlth+}
   (You found it on level 10 of the Dungeon)

   SInv:      It lets you see invisible.
   Will:      It increases your willpower.
   Stlth:     It makes you more stealthy.
Magical Staves
 j - a staff of cold
Jewellery
 b - a ring of protection from fire (right blade hand)
 c - an amulet of the acrobat
 d - a ring of poison resistance (left blade hand)
 n - an amulet of reflection (around neck)
 v - an amulet of regeneration
 L - a +4 ring of evasion
 P - a +6 ring of strength
 R - a ring of ice
 V - a ring of positive energy
 W - a +6 ring of intelligence
Wands
 g - a wand of flame (68)
 K - a wand of mindburst (13)
 T - a wand of polymorph (11)
 Y - a wand of iceblast (3)
Scrolls
 f - 4 scrolls of holy word
 o - 3 scrolls of silence
 p - 3 scrolls of teleportation
 r - a scroll of magic mapping
 u - 20 scrolls of identify
 w - a scroll of amnesia
 I - 4 scrolls of blinking
 M - 4 scrolls of enchant weapon
 S - a scroll of fog
Potions
 h - a potion of haste {unknown}
 i - 8 potions of attraction
 l - 5 potions of flight
 s - a potion of magic {unknown}
 x - 5 potions of lignification
 z - 3 potions of brilliance
 A - 8 potions of ambrosia
 C - 2 potions of might
 N - 2 potions of cancellation
 O - 2 potions of degeneration
 Q - 2 potions of heal wounds
Miscellaneous
 a - a lightning rod (4/4)


   Skills:
 + Level 15.1 Fighting
 + Level 2.1 Polearms
 - Level 0.1 Throwing
 + Level 7.8 Dodging
 + Level 3.1 Shields
 + Level 15.2 Unarmed Combat
 * Level 16.8 Spellcasting
 + Level 0.2 Necromancy
 * Level 14.1 Transmutations
 + Level 7.3 Ice Magic
 * Level 5.7 Air Magic
 - Level 2.0 Poison Magic
 + Level 0.5 Evocations


You had 18 spell levels left.
You knew the following spells:

 Your Spells              Type           Power      Damage    Failure   Level
a - Beastly Appendage     Tmut           100%       N/A       2%          1
b - Wereblood             Tmut           54%        N/A       3%          2
c - Spider Form           Tmut/Pois      37%        N/A       9%          3
d - Ice Form              Ice/Tmut       45%        N/A       10%         4
e - Vampiric Draining     Necr           13%        2d6       43%         3
f - Blade Hands           Tmut           27%        N/A       9%          5
g - Storm Form            Tmut/Air       21%        N/A       86%         7
h - Frozen Ramparts       Ice            70%        1d9       11%         3
i - Hailstorm             Conj/Ice       24%        3d7       38%         4

Your spell library contained the following spells:

 Spells                   Type           Power      Damage    Failure   Level
 Freeze                   Ice            100%       1d11      7%          1
 Poisonous Vapours        Pois/Air       48%        N/A       14%         2
 Ignite Poison            Fire/Tmut/Pois 29%        N/A       14%         3
 Corpse Rot               Necr/Air       44%        N/A       17%         2
 Pain                     Necr           52%        1d6       24%         1
 Airstrike                Air            15%        N/A       24%         4
 Sublimation of Blood     Necr           13%        N/A       30%         2
 Conjure Flame            Conj/Fire      12%        6-21      45%         3
 Dazzling Flash           Conj/Hex       24%        N/A       45%         3
 Inner Flame              Hex/Fire       12%        N/A       45%         3
 Lightning Bolt           Conj/Air       10%        1d23      73%         5
 Statue Form              Tmut/Erth      22%        N/A       73%         6
 Cause Fear               Hex            6%         N/A       77%         4
 Fulminant Prism          Conj/Hex       6%         3d7       77%         4
 Iskenderun's Mystic Bla  Conj/Tloc      12%        2d5       77%         4
 Leda's Liquefaction      Hex/Erth       6%         N/A       77%         4
 Sticky Flame             Conj/Fire      12%        2d4       77%         4
 Lee's Rapid Deconstruct  Erth           6%         3d7*      96%         5
 Iron Shot                Conj/Erth      6%         9d2       100%        6
 Starburst                Conj/Fire      6%         6d4       100%        6
 Discord                  Hex            6%         N/A       100%        8
 Maxwell's Capacitive Co  Air            15%        ∞         100%        8
 Animate Skeleton         Necr           Unusable   N/A       N/A         1
 Summon Lightning Spire   Summ/Air       Unusable   N/A       N/A         4
 Animate Armour           Summ/Erth      Unusable   N/A       N/A         4
 Summon Hydra             Summ           Unusable   N/A       N/A         7

Dungeon Overview and Level Annotations

Branches:
Dungeon (15/15)            Temple (1/1) D:5            Lair (6/6) D:10
 Shoals (0/4) Lair:2        Snake (4/4) Lair:2        Slime (0/5) Lair:5
    Orc (2/2) D:10            Elf (0/3) Orc:2        Vaults (0/5) D:14
 Depths (0/4) D:15         Bailey (visited)           IceCv (visited)

Altars:
Ashenzari
Cheibriados
Dithmenos
Elyvilon
Fedhas
Gozag
Hepliaklqana
Kikubaaqudgha
Makhleb
Nemelex Xobeh
Okawaru
Qazlal
Ru
Sif Muna
Trog
Uskayaw
Vehumet
Wu Jian
Xom
Yredelemnul
Zin
The Shining One
Jiyva
Lugonu

Shops:
D:9 ?[   D:11 *   D:14 ?   Orc:1 *   Orc:2 :(   Snake:3 !(   Snake:4 :=:

Portals:
Abyss: Lair:6
Trove: D:15 (give 7 scrolls of blinking)

Annotations:
D:11 Snorg
Lair:5 exclusion: oklob plant
Snake:3 1 runed translucent door
Snake:4 Vashnia


Innate Abilities, Weirdness & Mutations

You have blades for hands.
Your spellcasting is less reliable in this form.
You are incapable of wielding weapons or throwing items.
You are too large for most types of armour.
You have tough skin. (AC +1)
You cannot be stealthy.
You are hated by all.
You cannot train Armour skill.
You are partially covered in large bone plates. (SH +4)
You have a somewhat thin skeletal structure. (Dex +2, Stealth+)
You possess an exceptional clarity of mind.
Your spells are a little easier to cast, but a little less powerful.


Message History

The anaconda constricts you.
You barely miss the anaconda. The anaconda bites you.
The anaconda constricts you. The shock serpent bites you!
The shock serpent shocks you!
You barely miss the anaconda. You block the anaconda's attack.
The anaconda constricts you. The shock serpent bites you!
The shock serpent shocks you! The anaconda barely misses you.
The anaconda constricts you.
You barely miss the anaconda. The shock serpent bites you!
The shock serpent shocks you!
The anaconda bites you but does no damage.
The anaconda constricts you.
You hit the anaconda but do no damage. You block the anaconda's attack.
The anaconda constricts you.
The shock serpent shoots out a bolt of lightning at you!
The bolt of electricity hits you!! x2
The naga mage gestures at something while chanting.
You shred the anaconda!!!
The anaconda is severely wounded.
The anaconda bites you. The anaconda constricts you.
The shock serpent bites you!
* * * LOW HITPOINT WARNING * * *
The shock serpent shocks you!
* * * LOW HITPOINT WARNING * * *
The naga mage begins to cast a spell, but is stunned by your conviction!
As you read the scroll of teleportation, it crumbles to dust.
You feel strangely unstable.
The anaconda bites you but does no damage.
The anaconda constricts you.
* * * LOW HITPOINT WARNING * * *
The shock serpent bites you!
* * * LOW HITPOINT WARNING * * *
The shock serpent shocks you!
* * * LOW HITPOINT WARNING * * *
The anaconda closely misses you. The anaconda constricts you.
* * * LOW HITPOINT WARNING * * *
The shock serpent bites you!
* * * LOW HITPOINT WARNING * * *
The shock serpent shocks you!
You die...

#.........†...................
##.......#########'#####......
#.......#......#....#.#......
#.......##............#......
##.......#.######......#......
##....†...###.##.###....#......
#.........##(......#...##
###.......##.....^.#....#
#.......####@S##'#....# .#
#.......#..#S##.......# ..
#........#....N.S......# .#
#........#............##..#
#.#......##....#..#N...#..#
#.###......##########'###..# ##
##.....................#
#..........S..S.).....#
#...............##...##


You could see an anaconda, a shock serpent and a naga mage (fast).

Vanquished Creatures
  Rupert (D:15)
  Kirke (Snake:1)
  A nagaraja (Snake:1)
  Donald (Snake:1)
  Aizul (Snake:4)
  A reaper (IceCv)
  Nessos (Lair:5)
  An ettin (Orc:1)
  Josephine (D:15)
  A fire dragon (D:14)
  A vault guard (D:14)
  Harold (D:8)
  An ice dragon (D:12)
  8 naga warriors
  7 hydras
  6 anacondas
  A salamander tyrant (Snake:4)
  3 boulder beetles
  5 two-headed ogres
  A death knight (D:14)
  4 centaur warriors
  3 tengu warriors
  16 death yaks
  3 orc high priests (Orc:2)
  19 naga sharpshooters
  4 thrashing horrors (Lair:6)
  9 shock serpents
  A salamander mystic (Snake:4)
  3 skeletal warriors (D:11)
  2 sea snakes (Snake:4)
  5 naga ritualists
  A phantasmal warrior (D:14)
  An obsidian statue (D:11)
  A lindwurm (Lair:6)
  The ghost of Strat the Slicer, a novice DgHu (D:11)
  3 orc knights
  2 deep elf pyromancers
  11 mana vipers
  18 ugly things
  4 orc sorcerers (Orc:2)
  2 manticores
  11 salamanders
  A manticore (shapeshifter) (Lair:6)
  6 elephants (Lair:3)
  2 guardian serpents
  16 naga magi
  2 ice statues (IceCv)
  Joseph (D:8)
  An eye of devastation (D:12)
  44 black mambas
  8 cane toads
  A torpor snail (Lair:3)
  3 smoke demons (Lair:6)
  A rime drake (shapeshifter) (D:14)
  A yaktaur (shapeshifter) (D:13)
  9 komodo dragons
  A rime drake (Lair:5)
  2 tengu conjurers
  6 ice devils (IceCv)
  5 polar bears
  An ancient zyme (Lair:6)
  4 trolls
  Prince Ribbit (D:7)
  6 meliai
  A hornet (D:7)
  21 slime creatures
  Grinder (D:5)
  A queen bee (D:11)
  A snapping turtle (shapeshifter) (D:15)
  21 blink frogs (Lair:6)
  4 dream sheep (Lair:3)
  A snapping turtle (Lair:2)
  A centaur simulacrum (D:14)
  A jumping spider (shapeshifter) (D:15)
  A shadow (D:7)
  2 vampires (D:11)
  A spriggan (Bailey)
  9 wraiths
  A water elemental (D:15)
  4 humans (Snake:1)
  54 yaks
  6 wyverns
  Eustachio (D:6)
  A hog (Snake:1)
  9 basilisks
  A steam dragon (D:4)
  4 vampire mosquitoes (D:14)
  39 nagas
  Menkaure (D:5)
  2 death yak simulacra (IceCv)
  2 harpy simulacra (IceCv)
  4 chaos spawn (Lair:6)
  3 wargs
  2 acid dragons
  20 water moccasins
  Duvessa (D:6)
  27 orc warriors
  A sky beast (D:7)
  3 black bears
  3 ice beasts
  8 boggarts
  5 necrophages
  7 ogres
  15 wolves
  14 centaurs
  13 bullfrogs
  Blork the orc (D:5)
  2 gnoll sergeants
  4 scorpions
  A kobold brigand (D:8)
  3 two-headed ogre simulacra (IceCv)
  A wyvern zombie (D:8)
  3 elephant simulacra (IceCv)
  Dowan (D:6)
  28 killer bees
  8 howler monkeys
  12 wights
  6 electric eels
  3 centaur zombies
  A bullfrog zombie (D:5)
  A centaur skeleton (D:7)
  13 orc priests
  4 hounds
  A jelly (D:4)
  7 small abominations (Lair:6)
  3 iguanas
  25 orc wizards
  4 troll simulacra (IceCv)
  4 spriggan simulacra (IceCv)
  2 wolf simulacra (IceCv)
  2 hound skeletons (D:4)
  7 gnolls
  8 adders
  5 white imps
  3 ufetubi
  4 worms
  3 dart slugs
  61 orcs
  An endoplasm (D:4)
  4 giant cockroaches
  11 goblins
  8 hobgoblins
  5 jackals
  4 quokkas
  5 ball pythons
  6 bats
  2 frilled lizards
  10 kobolds
  2 rats (D:3)
896 creatures vanquished.

Vanquished Creatures (others)
  Louise (Snake:4)
  A hydra (D:12)
  An anaconda (Snake:1)
  A sea snake (Snake:4)
  2 black mambas
  A troll (D:9)
  34 fungi
  46 plants
87 creatures vanquished.

Grand Total: 983 creatures vanquished

Notes
Turn   | Place    | Note
-------+----------+-------------------------------------------
     0 | D:1      | mcgeepi the Ogre Transmuter began the quest for the Orb.
     0 | D:1      | Reached XP level 1. HP: 19/19 MP: 3/3
   308 | D:1      | Reached XP level 2. HP: 23/27 MP: 3/5
   732 | D:1      | Reached XP level 3. HP: 33/33 MP: 7/7
   930 | D:1      | Learned a level 2 spell: Wereblood
   934 | D:1      | Learned a level 3 spell: Spider Form
  1136 | D:2      | Reached skill level 3 in Spellcasting
  1141 | D:2      | Reached XP level 4. HP: 21/42 MP: 8/8
  1449 | D:2      | Reached skill level 1 in Polearms
  1685 | D:2      | Found a faded altar of an unknown god.
  2130 | D:3      | Reached skill level 1 in Stealth
  2130 | D:3      | Reached XP level 5. HP: 12/50 MP: 6/9
  2771 | D:3      | Reached XP level 6. HP: 54/59 MP: 2/10
  3137 | D:3      | You fall into a shaft and drop 1 floor!
  3476 | D:3      | Noticed a necrophage
  3484 | D:3      | Killed a necrophage
  3732 | D:4      | Reached skill level 4 in Spellcasting
  3734 | D:4      | Reached XP level 7. HP: 45/67 MP: 7/13
  4031 | D:4      | Reached skill level 1 in Poison Magic
  4393 | D:4      | Noticed a steam dragon
  4418 | D:4      | Killed a steam dragon
  4926 | D:5      | Entered Level 5 of the Dungeon
  4967 | D:5      | Reached XP level 8. HP: 70/79 MP: 10/15
  5081 | D:5      | Noticed Menkaure
  5092 | D:5      | Killed Menkaure
  5131 | D:5      | Noticed Grinder
  5138 | D:5      | Paralysed by Grinder for 3 turns
  5146 | D:5      | Killed Grinder
  5147 | D:5      | Reached skill level 5 in Fighting
  5147 | D:5      | Reached skill level 5 in Spellcasting
  5595 | D:5      | Noticed Blork the orc
  5602 | D:5      | Killed Blork the orc
  5603 | D:5      | Reached skill level 5 in Unarmed Combat
  5899 | D:5      | Learned a level 4 spell: Ice Form
  6063 | D:5      | Found a staircase to the Ecumenical Temple.
  6069 | Temple   | Entered the Ecumenical Temple
  6445 | Temple   | Became a worshipper of Ru the Awakened
  6657 | D:6      | Reached XP level 9. HP: 64/89 MP: 15/17
  6670 | D:6      | Reached skill level 6 in Spellcasting
  6995 | D:6      | Noticed Dowan
  7101 | D:6      | Noticed Duvessa
  7111 | D:6      | Killed Duvessa
  7117 | D:6      | Killed Dowan
  7136 | D:6      | Noticed Eustachio
  7145 | D:6      | Reached skill level 5 in Transmutations
  7153 | D:6      | Killed Eustachio
  7740 | D:6      | Gained mutation: You cannot train Armour skill. [Ru
                  | sacrifice]
  7740 | D:6      | Reached * piety under Ru
  8109 | D:7      | Found a basalt altar of Yredelemnul.
  8109 | D:7      | Found an ornate altar of the Wu Jian Council.
  8110 | D:7      | Noticed a hornet
  8164 | D:7      | Noticed Prince Ribbit
  8178 | D:7      | Killed Prince Ribbit
  8190 | D:7      | Reached skill level 7 in Spellcasting
  8604 | D:7      | Reached XP level 10. HP: 102/102 MP: 18/20
  8640 | D:7      | Paralysed by a hornet for 1 turns
  9199 | D:8      | Noticed Harold
  9208 | D:8      | Noticed a two-headed ogre
  9445 | D:8      | Reached skill level 1 in Ice Magic
  9891 | D:8      | Killed Harold
 10137 | D:8      | Killed a two-headed ogre
 10138 | D:8      | Reached skill level 8 in Spellcasting
 10452 | D:8      | Noticed Joseph
 10477 | D:8      | Killed Joseph
 10478 | D:8      | Reached XP level 11. HP: 81/113 MP: 11/23
 11224 | D:9      | Found a snail-covered altar of Cheibriados.
 11226 | D:9      | Found Cheibriados's Comfort Zone.
 11639 | D:9      | Gained mutation: You are hated by all. [Ru sacrifice]
 11639 | D:9      | Reached ** piety under Ru
 11639 | D:9      | Reached *** piety under Ru
 12022 | D:9      | Found Ischeukki's Magic Scroll Boutique.
 12622 | D:9      | Identified the +4 spear of Gebakh {vorpal, *Slow rN+ rCorr
                  | Str+2}
 12901 | D:10     | Entered Level 10 of the Dungeon
 12908 | D:10     | Noticed a boulder beetle
 12928 | D:10     | Killed a boulder beetle
 13027 | D:10     | Found a flagged portal.
 13057 | D:10     | Identified the +0 hat of the Unbroken {Will+ SInv Stlth+}
 13064 | Bailey   | Entered a bailey
 13240 | D:10     | Found a staircase to the Lair.
 13244 | D:10     | Found a staircase to the Orcish Mines.
 13311 | D:10     | Reached skill level 5 in Dodging
 13769 | Lair:1   | Entered Level 1 of the Lair of Beasts
 13962 | Lair:1   | Reached skill level 9 in Spellcasting
 14040 | Lair:1   | Reached XP level 12. HP: 116/126 MP: 25/25
 14210 | Lair:1   | Reached skill level 10 in Fighting
 14740 | Lair:1   | Reached skill level 10 in Unarmed Combat
 14820 | Lair:1   | Noticed a five-headed hydra
 14829 | Lair:1   | Killed a five-headed hydra
 15079 | Lair:2   | Noticed a death yak
 15080 | Lair:2   | Noticed a death yak
 15080 | Lair:2   | Noticed a death yak
 15099 | Lair:2   | Noticed a death yak
 15102 | Lair:2   | Noticed a death yak
 15107 | Lair:1   | Killed a death yak
 15128 | Lair:1   | Killed a death yak
 15135 | Lair:1   | Killed a death yak
 15142 | Lair:1   | Killed a death yak
 15143 | Lair:1   | Reached skill level 5 in Ice Magic
 15351 | Lair:2   | Killed a death yak
 15364 | Lair:2   | Found a staircase to the Snake Pit.
 15505 | Lair:1   | Gained mutation: You are partially covered in large bone
                  | plates. (SH +4) [potion of mutation]
 15505 | Lair:1   | Gained mutation: You have hidden genetic potential. [potion
                  | of mutation]
 15505 | Lair:1   | Gained mutation: Your spells are a little easier to cast,
                  | but a little less powerful. [potion of mutation]
 15521 | Lair:2   | Learned a level 3 spell: Vampiric Draining
 15689 | Lair:2   | Noticed a four-headed hydra
 15715 | Lair:2   | Killed a four-headed hydra
 15716 | Lair:2   | Reached skill level 10 in Spellcasting
 16141 | Lair:2   | Found a staircase to the Shoals.
 16479 | Lair:2   | Reached XP level 13. HP: 115/137 MP: 27/27
 17247 | Lair:3   | Identified the +1 chain mail "Gijikel" {Drain +Inv rC+
                  | Regen+}
 17986 | Lair:4   | Reached skill level 11 in Spellcasting
 18025 | Lair:4   | Gained mutation: You have a somewhat thin skeletal
                  | structure. (Dex +2, Stealth+) [hidden potential]
 18795 | Lair:5   | Found a staircase to the Slime Pits.
 18851 | Lair:5   | Found a sparkling altar of Nemelex Xobeh.
 18947 | Lair:5   | Identified the +11 hand crossbow "Imp's Death Toll" {elec,
                  | rF++ rCorr Int+2}
 19014 | Lair:5   | Noticed Nessos
 19096 | Lair:5   | Killed Nessos
 19859 | Lair:6   | Entered Level 6 of the Lair of Beasts
 19965 | Lair:6   | Reached XP level 14. HP: 85/150 MP: 29/29
 20475 | Lair:6   | Reached skill level 12 in Spellcasting
 21241 | Lair:6   | Gained mutation: You possess an exceptional clarity of
                  | mind. [hidden potential]
 21241 | Lair:6   | Lost mutation: You have hidden genetic potential. [hidden
                  | potential expressed]
 21805 | Lair:6   | Reached skill level 10 in Transmutations
 21847 | Lair:6   | Found a corrupted altar of Lugonu.
 21847 | Lair:6   | Found a one-way gate to the infinite horrors of the Abyss.
 22137 | Orc:1    | Entered Level 1 of the Orcish Mines
 22590 | Orc:1    | Found Xeoxuw's Gadget Gallery.
 23104 | Orc:2    | Entered Level 2 of the Orcish Mines
 23106 | Orc:2    | Found a staircase to the Elven Halls.
 23366 | Orc:2    | Gained mutation: You cannot be stealthy. [Ru sacrifice]
 23445 | Orc:2    | Noticed an orc warlord
 23578 | Orc:1    | Reached XP level 15. HP: 162/162 MP: 31/31
 23990 | Orc:2    | Found Zutuw's Book Shoppe.
 23993 | Orc:2    | Bought a book of Iron for 468 gold pieces
 23993 | Orc:2    | Bought a book of Vapours for 156 gold pieces
 24059 | Orc:2    | Found Syofiuz's Antique Weapon Shoppe.
 24283 | D:11     | Reached skill level 13 in Spellcasting
 24648 | D:11     | Noticed Snorg
 24868 | D:11     | Found a runed translucent gate.
 24870 | D:11     | Found a runed translucent gate.
 24870 | D:11     | Found a runed translucent gate.
 24871 | D:11     | Found an opulent altar of Gozag.
 24871 | D:11     | Found Deneotz's Assorted Antiques.
 24872 | D:11     | Noticed Strat's ghost (novice DgHu)
 25204 | D:11     | Killed Strat's ghost
 25271 | D:11     | Bought an amethyst potion for 32 gold pieces
 25271 | D:11     | Bought a scroll labelled DOULAM UKHLUNLOHUDO for 36 gold
                  | pieces
 25271 | D:11     | Bought a scroll of teleportation for 108 gold pieces
 25309 | D:11     | Learned a level 5 spell: Blade Hands
 25317 | D:11     | Learned a level 7 spell: Storm Form
 25321 | D:11     | Learned a level 3 spell: Frozen Ramparts
 25326 | D:11     | Learned a level 4 spell: Hailstorm
 25545 | D:12     | Found a frozen archway.
 25598 | IceCv    | Entered an ice cave
 26719 | D:12     | Found a transporter.
 26742 | D:12     | Found a transporter.
 27233 | D:13     | Found a gate leading to a gauntlet.
 27748 | D:14     | Reached skill level 14 in Spellcasting
 27870 | D:14     | Found Haisheicw's Magic Scroll Emporium.
 27878 | D:14     | Bought a scroll of blinking for 112 gold pieces
 28256 | D:14     | Reached XP level 16. HP: 152/174 MP: 30/34
 28431 | D:14     | Reached skill level 1 in Shields
 28663 | D:14     | Found a gate to the Vaults.
 28840 | D:15     | Entered Level 15 of the Dungeon
 28870 | D:15     | Noticed Josephine
 28883 | D:15     | Killed Josephine
 29275 | D:15     | Noticed Rupert
 29287 | D:15     | Killed Rupert
 29857 | D:15     | Found a portal to a secret trove of treasure.
 30009 | D:15     | Found a staircase to the Depths.
 30313 | Snake:1  | Entered Level 1 of the Snake Pit
 30319 | Snake:1  | Noticed Donald
 30457 | Snake:1  | Killed Donald
 30557 | Snake:1  | Noticed Kirke
 30586 | Snake:1  | Killed Kirke
 30587 | Snake:1  | Reached skill level 15 in Spellcasting
 30956 | Snake:1  | Noticed a nagaraja
 30970 | Snake:1  | Killed a nagaraja
 31125 | Snake:1  | Reached skill level 1 in Air Magic
 32765 | Snake:2  | Reached XP level 17. HP: 41/182 MP: 33/36
 32766 | Snake:2  | HP: 8/182 [naga sharpshooter/bolt (18)]
 34433 | Snake:3  | Reached skill level 16 in Spellcasting
 34752 | Snake:3  | Found a runed translucent door.
 34893 | Snake:4  | Entered Level 4 of the Snake Pit
 34910 | Snake:3  | Found Vagocaita's Weapon Shop.
 34910 | Snake:3  | Found Ostoidy's Distillery.
 34931 | Snake:3  | Bought a potion of experience for 750 gold pieces
 34931 | Snake:3  | Bought a potion of heal wounds for 75 gold pieces
 34931 | Snake:3  | Bought a potion of heal wounds for 75 gold pieces
 34931 | Snake:3  | Reached skill level 15 in Fighting
 34931 | Snake:3  | Reached XP level 18. HP: 193/193 MP: 38/38
 36548 | Snake:4  | Reached skill level 5 in Air Magic
 37147 | Snake:4  | Reached skill level 15 in Unarmed Combat
 37818 | Snake:4  | Noticed Louise
 37839 | Snake:4  | Killed Louise
 38031 | Snake:4  | Found Xytreusm's Book Shop.
 38031 | Snake:4  | Found Abboruff's Jewellery Emporium.
 38032 | Snake:4  | Found Zuunaqec's Book Shop.
 38060 | Snake:4  | Noticed Aizul
 38076 | Snake:4  | Killed Aizul
 38363 | Snake:4  | Noticed Vashnia
 38386 | Snake:4  | HP: 7/193 [shock serpent (13)]
 38386 | Snake:4  | Mangled by a shock serpent

Illustrated notes

Levels and vault maps discovered:
D:1:      dpeg_arrival_erosion, layout_rooms
D:2:      layout_loops_ring, ebering_ecumenical_altar_hall
D:3:      layout_loops_ring
D:4:      layout_cave_pods, minmay_misc_feat_ornament
D:5:      layout_gridville, minmay_temple_entry_fiery, uniq_grinder,
          uniq_menkaure, uniq_blork_the_orc
D:6:      layout_basic, uniq_eustachio, uniq_duvessa
D:7:      layout_rooms, jmf_multi_god_temple, uniq_prince_ribbit1
D:8:      layout_loops_cross, special_room [special_room_orc],
          hangedman_decor_push, nicolae_sextant, uniq_harold, uniq_joseph
D:9:      layout_grid_maze, serial_shops, shop, minmay_shop_chei
D:10:     layout_big_octagon, minmay_lair_entry_grove, orc_0_dummy,
          enter_bailey_5
D:11:     layout_loops_ring, special_room [special_room_bee],
          ebering_ghost_gozag, uniq_snorg
D:12:     gammafunk_jiyva_shrine, layout_loops_ring,
          portal_ice_cave_entry_animals_and_master
D:13:     layout_rooms, gauntlet_entry_generic
D:14:     layout_long_grid, david_vaults_5, serial_shops, shop, nicolae_wwwww
D:15:     grunt_enter_depths_hoard, layout_basic,
          nicolae_trove_entry_free_sample, hangedman_decor_slide_cut,
          roderic_lattice_a, uniq_rupert, uniq_josephine
Temple:   mainiacjoe_temple_cubbyholes
Lair:1:   layout_regular_city, grunt_megastairs_4
Lair:2:   layout_gridlike, minmay_shoals_entry_hut, guppyfry_snake_entry_island
Lair:3:   layout_layer_cave, fungi_pond_lemuel, hibernation_bobbens
Lair:4:   layout_regular_city
Lair:5:   layout_concentric_octagons, slime_dummy, lemuel_oklob_altar,
          uniq_nessos
Lair:6:   hellmonk_lair_end_abyssal_woods, layout_misc_corridors,
          lemuel_fruit_tree
Snake:1:  layout_basic, nicolae_snake_serpentine_hallways, uniq_donald,
          uniq_kirke
Snake:2:  layout_chambers
Snake:3:  layout_onion_interference, nicolae_snake_gridmaze_entwining,
          lightli_airlock, minmay_shoptagon
Snake:4:  snake_pit_salamanders_mu, layout_cave_town, guppyfry_library_mini,
          minmay_shop_grove, serial_bayou_shore_a, uniq_aizul, uniq_mara,
          uniq_vashnia, uniq_louise
Orc:1:    minmay_goldmine, layout_diamond_mine, nicolae_shop_gadgets
Orc:2:    grunt_orc_gardens, layout_caves, grunt_orc_garden, grunt_orc_garden,
          grunt_orc_garden, grunt_orc_garden, special_room

Skill      XL: |  1  2  3  4  5  6  7  8  9 10 11 12 13 14 15 16 17 18 |
---------------+-------------------------------------------------------+-----
Unarmed Combat | 3 4 5 6 8 9 10 11 12 13 14 15 | 15.2
Dodging        | 2 3 4 5 6 7 |  7.8
Transmutations | 2 3 4 5 6 7 8 9 10 11 12 13 14 | 14.1
Fighting       | 2 3 4 5 7 8 9 11 12 13 14 15 | 15.1
Spellcasting   | 3 4 5 7 8 9 10 11 12 14 15 16 | 16.8
Polearms       | 1 2 |  2.1
Stealth        | 1 2 3 0 |  0.0
Poison Magic   | 1 2 |  2.0
Ice Magic      | 2 4 5 6 7 |  7.3
Shields        | 1 2 3 |  3.1
Air Magic      | 2 4 5 |  5.7
Throwing       | |  0.1
Necromancy     | |  0.2
Evocations     | |  0.5

Action                   |  1- 3 |  4- 6 |  7- 9 | 10-12 | 13-15 | 16-18 || total
-------------------------+-------+-------+-------+-------+-------+-------++-------
Melee: Unarmed           |    46 |   111 |   287 |   568 |  1148 |   717 ||  2877
       Kick              |     8 |    16 |     5 |       |       |       ||    29
       Trident           |    61 |    21 |       |       |       |       ||    82
       Headbutt          |     5 |     9 |     3 |       |       |       ||    17
       Quarterstaff      |       |    13 |       |       |       |       ||    13
       Punch             |       |     3 |     1 |     1 |    15 |    81 ||   101
 Fire: Hand crossbow     |       |       |       |       |       |    38 ||    38
Throw: Dart              |       |       |       |     2 |       |       ||     2
 Cast: Beastly Appendage |    10 |    17 |     4 |     1 |       |     1 ||    33
       Wereblood         |       |     2 |     2 |     8 |    17 |     8 ||    37
       Spider Form       |       |     9 |    32 |     9 |     5 |       ||    55
       Ice Form          |       |       |       |    53 |   114 |     5 ||   172
       Vampiric Draining |       |       |       |       |     2 |     2 ||     4
       Blade Hands       |       |       |       |       |    32 |   110 ||   142
       Hailstorm         |       |       |       |       |       |     1 ||     1
       Frozen Ramparts   |       |       |       |       |       |     1 ||     1
Invok: Sacrifice Durabil |       |       |     1 |       |       |       ||     1
       Sacrifice Love    |       |       |       |     1 |       |       ||     1
       Reject Sacrifices |       |       |       |     1 |       |     1 ||     2
       Sacrifice Stealth |       |       |       |       |     1 |       ||     1
 Abil: End Transformatio |       |       |     1 |     2 |     1 |       ||     4
Evoke: Wand              |       |       |       |     3 |     6 |       ||     9
  Use: Scroll            |       |     8 |       |     8 |    10 |    10 ||    36
       Potion            |       |     1 |     6 |     3 |     1 |     8 ||    19
 Stab: Sleeping          |       |       |       |     3 |     6 |       ||     9
       Distracted        |       |       |       |     1 |     5 |     1 ||     7
       Paralysed         |       |       |       |     3 |       |       ||     3
       Petrified         |       |       |       |       |     2 |       ||     2
       Invisible         |       |       |       |       |     1 |    13 ||    14
Armor: Robe              |    52 |    31 |    15 |    10 |       |       ||   108
       Skin              |       |     3 |    15 |   113 |   206 |     1 ||   338
       Troll leather arm |       |       |       |     6 |    49 |   124 ||   179
Dodge: Dodged            |    69 |    60 |   192 |   300 |   451 |   224 ||  1296
Block: Other             |       |       |       |       |    62 |   215 ||   277
       Reflection        |       |       |       |       |     4 |    47 ||    51
       Kite shield       |       |       |       |       |       |    44 ||    44

Table legend: (Time is in decaauts)
 A = Elapsed time spent in this place.
 B = Non-inter-level travel time spent in this place.
 C = Inter-level travel time spent in this place.
 D = Time resting spent in this place.
 E = Time spent auto-exploring this place.
 F = Levels seen in this place.
 G = Mean time per level.
                   A        B        C        D        E       F      G
               +--------+--------+--------+--------+--------+-----+--------+
         Total |  37967 |  36404 |   1563 |   6372 |  20300 |  30 | 1265.6 |
       Dungeon |  19089 |  18258 |    831 |   3436 |  10512 |  15 | 1272.6 |
        Temple |    408 |    408 |      0 |      0 |    287 |   1 |  408.0 |
          Lair |   8415 |   7955 |    460 |   1002 |   4506 |   6 | 1402.5 |
     Snake Pit |   7671 |   7429 |    242 |   1448 |   4233 |   4 | 1917.8 |
  Orcish Mines |   1804 |   1775 |     29 |    302 |    707 |   2 |  902.0 |
        Bailey |     54 |     54 |      0 |     22 |      0 |   1 |   54.0 |
      Ice Cave |    523 |    523 |      0 |    162 |     55 |   1 |  523.0 |
               +--------+--------+--------+--------+--------+-----+--------+

Top non-repeatable levels by time:
 Snake:3: 2343 daAuts
     D:9: 2127 daAuts
 Snake:2: 1977 daAuts
  Lair:6: 1958 daAuts
 Snake:1: 1889 daAuts
  Lair:2: 1810 daAuts
     D:6: 1609 daAuts
     D:3: 1577 daAuts
 Snake:4: 1461 daAuts
     D:8: 1438 daAuts
  Lair:1: 1432 daAuts
     D:4: 1382 daAuts
    D:15: 1364 daAuts
   Orc:1: 1326 daAuts
     D:5: 1260 daAuts
